 Dungeon Crawl Stone Soup version 0.30-a0-840-ga523dec638 (webtiles) character file.

Game seed: 13542354242101629465

68 demibob the Twirler (level 4, 32/33 HPs)
             Began as a Demonspawn Gladiator on Mar 2, 2023.
             Quit the game on level 2 of the Dungeon.
             The game lasted 00:01:20 (1078 turns).

demibob the Twirler (Demonspawn Gladiator)          Turns: 1078, Time: 00:01:20

Health: 32/33      AC:  7    Str: 12    XL:     4   Next: 1%
Magic:  4/4        EV: 11    Int: 11    God:
Gold:   57         SH:  4    Dex: 15    Spells: 3/3 levels left

rFire   + + +      SeeInvis .    a - +0 quarterstaff
rCold   . . .      Faith    .    (shield currently unavailable)
rNeg    . . .      Spirit   .    k - +2 ring mail of the Farmer {rF+++ Str-2 Stlth+}
rPois   .          Reflect  .    (helmet restricted)
rElec   .          Harm     .    (no cloak)
rCorr   .          Rampage  .    (no gloves)
Will    .....                    (no boots)
Stlth   ++                       (no amulet)
HPRegen 0.25/turn                (no ring)
MPRegen 0.09/turn                (no ring)

@: no status effects
A: antennae 1, condensation shield
a: no special abilities


You were on level 2 of the Dungeon.
You visited 1 branch of the dungeon, and saw 2 of its levels.

You collected 57 gold pieces.


Innate Abilities, Weirdness & Mutations

You have a pair of small antennae on your head.
A meltable shield of frost defends you. (SH +4)


   Skills:
 - Level 2.0 Fighting
 + Level 4.4 Staves
 - Level 1.7 Throwing
 - Level 2.6 Dodging


You had 3 spell levels left.
You didn't know any spells.
Your spell library was empty.

Inventory:

Hand Weapons
 a - a +0 quarterstaff (weapon)
Missiles
 d - 3 throwing nets (quivered) {=f}
 e - a javelin
Armour
 c - a +0 helmet
 k - the +2 ring mail of the Farmer (worn) {rF+++ Str-2 Stlth+}
   (You found it on level 2 of the Dungeon)

   Str:       It affects your strength (-2).
   rF:        It renders you almost immune to fire.
   Stlth:     It makes you more stealthy.
Scrolls
 g - a scroll of magic mapping {unknown}
 i - 2 scrolls of teleportation {unknown}
 l - a scroll of identify {unknown}
 n - a scroll of immolation {unknown}
Potions
 b - a potion of ambrosia {unknown}
 f - a potion of might {unknown}
 h - a potion of lignification {unknown}
 j - a potion of mutation {unknown}
 m - a potion of cancellation {unknown}

Dungeon Overview and Level Annotations

Branches:
Dungeon (2/15)

Altars:

..................
..................
#############...##....#
#...............##....#
#...............##.....
#...............##...##
##...............##...#
.................#######
.......@$...............
........................
#.....................[.
........................
......#....####..........
.....#....# ##..........
#.......... ............
######..................†....
#####....#.............#####...##


There were no monsters in sight!


Message History

No target in view!
No target in view!
No target in view!
No target in view!
No target in view!
n - a scroll labelled XIESOP UMOANE A quokka comes into view.
A quokka is nearby!
You see here 9 gold pieces.
The quokka bites you but does no damage.
You closely miss the quokka. The quokka misses you.
You hit the quokka.
The quokka is severely wounded.
The quokka closely misses you.
You barely miss the quokka.
The quokka is severely wounded.
The quokka misses you.
You hit the quokka.
The quokka is almost dead.
The quokka barely misses you. The quokka bites you.
You hit the quokka.
You kill the quokka!
You have reached level 4!
You feel agile.
You feel monstrous as your demonic heritage exerts itself.
Your demonic ancestry asserts itself...
A pair of antennae grows on your head!
Your +0 helmet falls away!
Okay, then.
Are you sure you want to abandon this character and quit the game? (Confirm with "yes".)

Skill      XL: |  1  2  3 |
---------------+----------+-----
Staves         | 3 4 |  4.4
Fighting       | |  2.0
Throwing       | |  1.7
Dodging        | |  2.6

Action                     |  1- 3 |  4- 6 || total
---------------------------+-------+-------++-------
  Melee: Quarterstaff      |   108 |       ||   108
   Stab: Sleeping          |     3 |       ||     3
 Armour: Leather armour    |    13 |       ||    13
         Ring mail         |    23 |       ||    23
  Dodge: Dodged            |    63 |       ||    63
  Block: Other             |    15 |       ||    15

Levels and vault maps discovered:
D:1:      saegor_arrival_simple_e, layout_basic, minivault_4
D:2:      layout_basic, uniq_sigmund

Notes
Turn   | Place    | Note
-------+----------+-------------------------------------------
     0 | D:1      | demibob the Demonspawn Gladiator began the quest for the
                  | Orb.
     0 | D:1      | Reached XP level 1. HP: 16/16 MP: 1/1
    65 | D:1      | Reached skill level 3 in Staves
    90 | D:1      | Gained mutation: A meltable shield of frost defends you.
                  | (SH +4) [demonic ancestry]
    90 | D:1      | Reached XP level 2. HP: 22/22 MP: 2/2
   738 | D:2      | Identified the +2 ring mail of the Farmer {rF+++ Str-2
                  | Stlth+}
   773 | D:2      | Reached XP level 3. HP: 27/27 MP: 3/3
   788 | D:2      | Reached skill level 4 in Staves
  1078 | D:2      | You feel monstrous as your demonic heritage exerts itself.
  1078 | D:2      | Discovered your monstrous ancestry.
  1078 | D:2      | Gained mutation: You have a pair of small antennae on your
                  | head. [demonic ancestry]
  1078 | D:2      | Reached XP level 4. HP: 32/33 MP: 4/4
  1078 | D:2      | Quit the game

Vanquished Creatures
  2 adders (D:2)
  2 worms (D:2)
  3 dart slugs (D:2)
  3 bats
  2 endoplasms
  A giant cockroach (D:1)
  2 goblins
  5 hobgoblins
  4 kobolds
  A quokka (D:2)
  9 ball pythons
  A frilled lizard (D:1)
  5 rats
40 creatures vanquished.

Table legend: (Time is in decaauts)
 A = Elapsed time spent in this place.
 B = Non-inter-level travel time spent in this place.
 C = Inter-level travel time spent in this place.
 D = Time resting spent in this place.
 E = Time spent auto-exploring this place.
 F = Levels seen in this place.
 G = Mean time per level.
                   A        B        C        D        E       F      G
               +--------+--------+--------+--------+--------+-----+--------+
         Total |   1091 |   1060 |     31 |     12 |    778 |   2 |  545.5 |
       Dungeon |   1091 |   1060 |     31 |     12 |    778 |   2 |  545.5 |
               +--------+--------+--------+--------+--------+-----+--------+

Top non-repeatable levels by time:
     D:1: 687 daAuts
     D:2: 403 daAuts

Table legend:
 A = Non-vault XP
 B = Vault XP
 C = Vault XP percentage of total XP
 D = Non-vault monster count
 E = Vault monster count
 F = Vault count percentage of total count
                 A         B        C        D         E       F
            +---------+---------+-------+---------+---------+-------
      Total |      98 |       0 |   0.0 |      40 |       0 |   0.0
            +---------+---------+-------+---------+---------+-------
        D:1 |      27 |       0 |   0.0 |      18 |       0 |   0.0
        D:2 |      71 |       0 |   0.0 |      22 |       0 |   0.0
            +---------+---------+-------+---------+---------+-------
